 Dungeon Crawl Stone Soup version 0.27-a0-1378-gdefffd1ff6 (webtiles) character file.

Game seed: 15396912566699561637

961 tsouns the Sneak (level 8, -1/41 HPs)
             Began as a Kobold Necromancer on June 30, 2021.
             Was an Initiate of Dithmenos.
             Slain by an orc warrior (7 damage)
             ... on level 5 of the Dungeon.
             The game lasted 00:09:46 (8539 turns).

tsouns the Sneak (Kobold Necromancer)               Turns: 8539, Time: 00:09:48

Health: -1/41      AC:  2    Str: -6 (5)  XL:     8   Next: 37%
Magic:  2/15       EV:  3    Int: 13 (19) God:    Dithmenos [......]
Gold:   213        SH:  0    Dex: -2 (15) Spells: 8/17 levels left

rFire    . . .     SeeInvis .   k - +2 whip (elec)
rCold    . . .     Faith    .   (shield restricted)
rNeg     . . .     Spirit   .   a - +0 robe
rPois    .         Reflect  .   (no helmet)
rElec    .         Harm     .   (no cloak)
rCorr    .         Rampage  .   (no gloves)
Will     .....                  (no boots)
Stlth    ..........             (no amulet)
HPRegen  0.03/turn              (no ring)
MPRegen  0.14/turn              (no ring)

@: slowed, lost strength, lost dexterity, very slow
A: small, no large weapons, nightstalker 3, evolution 1, MP-powered wands
a: Renounce Religion


You were on level 5 of the Dungeon.
You worshipped Dithmenos.
Dithmenos was noncommittal.
You visited 1 branch of the dungeon, and saw 5 of its levels.

You collected 213 gold pieces.

Inventory:

Hand Weapons
 c - a +0 short sword
 d - a +0 falchion
 k - a +2 whip of electrocution (weapon)
 m - a +0 arbalest
 o - a +0 dagger of pain
Missiles
 i - 3 boomerangs of dispersal
Armour
 a - a +0 robe (worn)
Magical Staves
 u - a staff of death
Jewellery
 q - a ring of wizardry
 s - an amulet of guardian spirit
 v - a ring of fire
Wands
 t - a wand of flame (9)
 w - a wand of polymorph (11)
Scrolls
 h - a scroll of enchant weapon {unknown}
 j - a scroll of fog {unknown}
 l - a scroll of magic mapping {unknown}
 n - 4 scrolls of teleportation {unknown}
 p - a scroll of enchant armour {unknown}
 y - a scroll of fear {unknown}
Potions
 r - a potion of mutation


   Skills:
 + Level 3.6 Maces & Flails
 - Level 2.4 Dodging
 + Level 7.1 Stealth
 + Level 5.0 Spellcasting
 + Level 6.1 Necromancy


You had 8 spell levels left.
You knew the following spells:

 Your Spells              Type           Power      Damage    Failure   Level
a - Pain                  Necr           76%        1d7       1%          1
b - Animate Skeleton      Necr           38%        N/A       1%          1
c - Vampiric Draining     Necr           9%         2d7       4%          3
d - Animate Dead          Necr           9%         N/A       16%         4

Your spell library contained the following spells:

 Spells                   Type           Power      Damage    Failure   Level
 Agony                    Necr           19%        N/A       38%         5


Dungeon Overview and Level Annotations

Branches:
Dungeon (5/15)             Temple (0/1) D:5

Altars:
Cheibriados
Dithmenos

Annotations:
D:3 3 runed translucent doors, PaladinM's ghost, amateur DgWr


Innate Abilities, Weirdness & Mutations

You are small and have problems with some larger weapons.
You are completely attuned to the shadows.
You evolve.
You expend magic power (3 MP) to strengthen your wands.


Message History

Aim: an iguana (severely wounded)
You draw life force from the iguana!
You kill the iguana!
Dithmenos accepts your kill.
You feel life coursing into your body.
An orc warrior comes into view. It is wielding a +0 mace.
Casting: Vampiric Draining (dangerous; 4% risk of failure)
Confirm with . or Enter, or press ? or * to list all spells.
Aiming: Pain (safe; 1% risk of failure)
Press: ? - help, Shift-Dir - straight line, f - orc warrior
Aim: an orc warrior, wielding a +0 mace and wearing a +0 chain mail (wandering, hasn't noticed you, chance to affect: 78%)
The orc warrior shouts!
The orc warrior writhes in agony!
Casting: Pain (safe; 1% risk of failure)
Confirm with . or Enter, or press ? or * to list all spells.
Aiming: Pain (safe; 1% risk of failure)
Press: ? - help, Shift-Dir - straight line, f/p - orc warrior
Aim: an orc warrior, wielding a +0 mace and wearing a +0 chain mail (moderately wounded, chance to affect: 78%)
The orc warrior writhes in agony.
The orc warrior hits you with a +0 mace.
* * * LOW HITPOINT WARNING * * *
Casting: Pain (safe; 1% risk of failure)
Confirm with . or Enter, or press ? or * to list all spells.
Aiming: Vampiric Draining (dangerous; 4% risk of failure)
Press: ? - help, Shift-Dir - straight line, f/p - orc warrior
Aim: an orc warrior, wielding a +0 mace and wearing a +0 chain mail (moderately wounded)
You draw life force from the orc warrior!
You feel life coursing into your body.
The orc warrior hits you with a +0 mace!
* * * LOW HITPOINT WARNING * * *
Okay, then.
Casting: Vampiric Draining (dangerous; 4% risk of failure)
Confirm with . or Enter, or press ? or * to list all spells.
Aiming: Vampiric Draining (dangerous; 4% risk of failure)
Press: ? - help, Shift-Dir - straight line, f/p - orc warrior
Aim: an orc warrior, wielding a +0 mace and wearing a +0 chain mail (heavily wounded)
You draw life force from the orc warrior!
You feel life coursing into your body.
The orc warrior hits you with a +0 mace!
You die...

####'##### ......#
#)# #.....# ......#
#.# ####..# ......#
#.# ##.#
......#######.# ###
..........)..!.##.#
.........#####..#.#
........#.###.#...#
.......#.#.#.#.#..#
...o@..##.#(#.##..#
.......###.#.###[.#
.......##.#)#.##..#
######.#.#.#.#.#.#
#..#.###.#..#
##..#####..##
##.......##
#..###..# #.## #.##


You could see an orc warrior.

Vanquished Creatures
  2 ice beasts (D:5)
  2 sky beasts (D:5)
  A black bear (D:4)
  A phantom (D:4)
  A howler monkey (D:5)
  A centaur zombie (D:5)
  2 jellies (D:5)
  A bullfrog zombie (D:5)
  A bullfrog skeleton (D:5)
  2 iguanas (D:5)
  An orc wizard (D:5)
  5 adders
  2 white imps (D:5)
  2 worms (D:2)
  3 dart slugs
  5 orcs
  8 ball pythons
  5 endoplasms
  7 giant cockroaches
  6 goblins
  2 hobgoblins (D:2)
  8 jackals
  7 kobolds
  6 quokkas
  4 bats
  2 frilled lizards (D:3)
  4 rats
91 creatures vanquished.

Vanquished Creatures (others)
  A plant (D:4)
1 creature vanquished.

Grand Total: 92 creatures vanquished

Notes
Turn   | Place    | Note
-------+----------+-------------------------------------------
     0 | D:1      | tsouns the Kobold Necromancer began the quest for the Orb.
     0 | D:1      | Reached XP level 1. HP: 10/10 MP: 3/3
   235 | D:1      | Reached skill level 3 in Stealth
   283 | D:1      | Reached XP level 2. HP: 12/15 MP: 1/5
   510 | D:1      | Learned a level 1 spell: Animate Skeleton
  1042 | D:1      | Reached XP level 3. HP: 17/19 MP: 3/6
  2307 | D:2      | Learned a level 3 spell: Vampiric Draining
  2755 | D:2      | Reached XP level 4. HP: 21/24 MP: 4/8
  2857 | D:2      | Reached skill level 4 in Stealth
  3685 | D:3      | Found a faded altar of an unknown god.
  3706 | D:3      | Became a worshipper of Cheibriados the Contemplative
  3706 | D:3      | Reached * piety under Cheibriados
  3874 | D:3      | Found a runed translucent gate.
  3895 | D:3      | Found a runed translucent gate.
  3901 | D:3      | Found a runed translucent gate.
  4164 | D:3      | Noticed PaladinM's ghost (amateur DgWr)
  4304 | D:4      | Reached skill level 1 in Maces & Flails
  4559 | D:4      | Reached XP level 5. HP: 25/28 MP: 6/9
  4564 | D:4      | Learned a level 4 spell: Animate Dead
  4612 | D:4      | Noticed a phantom
  4631 | D:4      | Killed a phantom
  4804 | D:4      | Noticed a black bear
  4809 | D:4      | Killed a black bear
  4810 | D:4      | Reached skill level 5 in Stealth
  4810 | D:4      | Reached skill level 5 in Necromancy
  4810 | D:4      | Reached XP level 6. HP: 27/32 MP: 5/11
  5068 | D:4      | Reached ** piety under Cheibriados
  5856 | D:4      | Found a shadowy altar of Dithmenos.
  5859 | D:4      | Fell from the grace of Cheibriados
  5859 | D:4      | Became a worshipper of Dithmenos the Shadowed
  5909 | D:5      | Entered Level 5 of the Dungeon
  6155 | D:5      | Noticed an ice beast
  6160 | D:5      | Killed an ice beast
  6161 | D:5      | Reached XP level 7. HP: 27/36 MP: 2/13
  6351 | D:5      | Reached skill level 6 in Stealth
  6417 | D:5      | Found a staircase to the Ecumenical Temple.
  7218 | D:5      | Reached XP level 8. HP: 24/41 MP: 3/15
  7468 | D:5      | Lost strength.
  7630 | D:5      | Gained mutation: You expend magic power (3 MP) to
                  | strengthen your wands. [potion of mutation]
  7630 | D:5      | Gained mutation: You evolve. [potion of mutation]
  7671 | D:5      | Reached skill level 7 in Stealth
  7698 | D:5      | Reached skill level 5 in Spellcasting
  8325 | D:5      | Lost dexterity.
  8347 | D:5      | Was forgiven by Cheibriados
  8538 | D:5      | HP: 2/41 [orc warrior (8)]
  8539 | D:5      | Slain by an orc warrior

Illustrated notes

Levels and vault maps discovered:
D:1:      minmay_arrival_stair_chambers, layout_loops_corners
D:2:      layout_loops_corners, nrook_campfire
D:3:      layout_basic, gammafunk_ghost_split,
          hellmonk_ecumenical_altar_lost_god
D:4:      layout_layer_cave, kennysheep_mini_moat, guppyfry_early_lair_pool
D:5:      layout_basic, chequers_temple_overflow_minitemple,
          minmay_temple_entry_large_hall, minmay_circle_x

Skill      XL: |  1  2  3  4  5  6  7  8 |
---------------+-------------------------+-----
Stealth        | 3 4 5 6 7 |  7.1
Spellcasting   | 3 4 5 |  5.0
Maces & Flails | 1 2 3 |  3.6
Necromancy     | 5 6 |  6.1
Dodging        | |  2.4

Action                   |  1- 3 |  4- 6 |  7- 9 || total
-------------------------+-------+-------+-------++-------
Melee: Short sword       |    13 |       |       ||    13
       Whip              |     5 |    25 |    35 ||    65
 Cast: Pain              |    66 |    82 |    38 ||   186
       Animate Skeleton  |     3 |       |       ||     3
       Vampiric Draining |       |     2 |     9 ||    11
       Animate Dead      |       |     1 |       ||     1
  Use: Scroll            |       |     3 |     1 ||     4
       Potion            |       |       |     3 ||     3
 Stab: Sleeping          |       |     3 |     2 ||     5
Armor: Robe              |     2 |     5 |    10 ||    17
Dodge: Dodged            |    25 |    28 |    45 ||    98

Table legend: (Time is in decaauts)
 A = Elapsed time spent in this place.
 B = Non-inter-level travel time spent in this place.
 C = Inter-level travel time spent in this place.
 D = Time resting spent in this place.
 E = Time spent auto-exploring this place.
 F = Levels seen in this place.
 G = Mean time per level.
                   A        B        C        D        E       F      G
               +--------+--------+--------+--------+--------+-----+--------+
         Total |  10092 |   9959 |    133 |      0 |   9108 |   5 | 2018.4 |
       Dungeon |  10092 |   9959 |    133 |      0 |   9108 |   5 | 2018.4 |
               +--------+--------+--------+--------+--------+-----+--------+

Top non-repeatable levels by time:
     D:5: 3507 daAuts
     D:4: 2251 daAuts
     D:2: 1973 daAuts
     D:1: 1670 daAuts
     D:3: 688 daAuts
